 Dungeon Crawl Stone Soup version 0.24.1-14-gf8d2b509d9 (webtiles) character file.

Game seed: 5513962193123329620, levelgen mode: deterministic

1443 SuperSnore the Conjurer (level 8, -7/62 HPs)
             Began as a Demigod Wizard on Mar 28, 2022.
             Mangled by an ice beast (13 damage)
             ... on level 5 of the Dungeon.
             The game lasted 00:16:54 (6719 turns).

SuperSnore the Conjurer (Demigod Wizard)            Turns: 6719, Time: 00:16:55

Health: -7/62      AC:  6    Str: 10    XL:     8   Next: 22%
Magic:  14/15      EV: 14    Int: 26    God:
Gold:   190        SH:  0    Dex: 14    Spells: 3/12 levels left

rFire    . . .     SeeInvis .   m - +2 long sword (slice)
rCold    . . .     Gourm    .   (no shield)
rNeg     . . .     Faith    .   a - +0 robe
rPois    .         Spirit   .   b - +0 hat
rElec    .         Reflect  .   w - +2 cloak
rCorr    +         Harm     .   (no gloves)
MR       .....                  (no boots)
Stlth    ++........             (no amulet)
HPRegen  0.20/turn              O - +1 ring of protection
MPRegen  0.14/turn              R - ring of resist corrosion

@: no status effects
A: high mp 1
a: no special abilities


You were on level 5 of the Dungeon.
You were hungry.

You visited 2 branches of the dungeon, and saw 6 of its levels.
You also visited: Ossuary.

You collected 190 gold pieces.


Innate Abilities, Weirdness & Mutations

You have an increased reservoir of magic. (+10% MP)


   Skills:
 + Level 2.7 Fighting
 * Level 4.0 Long Blades
 - Level 3.7 Dodging
 - Level 1.8 Stealth
 - Level 2.7 Spellcasting
 - Level 6.4 Conjurations
   Level 0.8 Summonings
 - Level 0.8 Translocations
 - Level 2.0 Air Magic
 - Level 2.0 Poison Magic


You had 3 spell levels left.
You knew the following spells:

 Your Spells              Type           Power        Failure   Level  Hunger
c - Conjure Flame         Conj/Fire      ###.....     8%          3    ###....
m - Mephitic Cloud        Conj/Pois/Air  ###.....     7%          3    ###....
z - Magic Dart            Conj           ####         1%          1    None
I - Blink                 Tloc           N/A          11%         2    ##.....

Your spell library contained the following spells:

 Spells                   Type           Power        Failure   Level  Hunger
 Call Imp                 Summ           #.......     11%         2    ##.....
 Slow                     Hex            #.......     14%         2    ##.....

Inventory:

Hand Weapons
 c - a +0 dagger
 m - a +2 long sword of slicing (weapon)
Armour
 a - a +0 robe (worn)
 b - a +0 hat (worn)
 s - a +1 shield
 w - a +2 cloak (worn)
Jewellery
 F - an uncursed ring of fire
 O - a +1 ring of protection (left hand)
 R - a ring of resist corrosion (right hand)
Wands
 f - a wand of polymorph (3)
Scrolls
 e - 3 scrolls of teleportation {@r4}
 g - a scroll of enchant weapon
 j - a scroll of amnesia {unknown}
 u - a scroll of magic mapping {unknown}
 v - a scroll of remove curse {@r2}
Potions
 h - a potion of flight {unknown}
 i - 5 potions of mutation {!q}
 l - a potion of cancellation {unknown}
 n - a potion of magic
 o - 2 potions of ambrosia
 p - a potion of might
 q - 3 potions of resistance
 r - a potion of invisibility
 t - a potion of lignification {unknown}
 x - a potion of agility
Comestibles
 d - 7 rations {@e1}
 B - 7 chunks of flesh

Dungeon Overview and Level Annotations

Branches:
Dungeon (5/15)             Temple (1/1) D:4         Ossuary (visited)

.........#...# #.......#
.........#...# #...##..#
.........#...# #...##..#
#####..###..## #....+..#
#####..####'#########....#..#
.......'.....#.....#...>##'##
.......#.....+.....#....##..##
.......#....##.....##.......<#
.......#....##..@..##........#
.##....##...##..Y...#........#
.##....##...##......#........#
.##....)............#........####
..+.................#............
.########...##.....##............
.##....##...##.(...##............
###....##...##...................
.+.....)......(..................


You could see an ice beast.


Message History

The ice beast misses you.
The orc wizard is engulfed in noxious fumes.
The orc wizard appears confused.
The orc wizard hits the ice beast but does no damage.
The orc wizard is engulfed in noxious fumes.
The orc wizard appears confused.
You are feeling hungry.
The orc wizard is engulfed in noxious fumes.
The orc wizard appears confused.
The orc wizard hits the ice beast with a +2 dagger of flaming.
The orc wizard melts the ice beast.
You see here 24 bolts.
You closely miss the ice beast.
The ice beast is moderately wounded.
The ice beast barely misses you.
You hit the ice beast.
The ice beast is moderately wounded.
The ice beast hits you but does no damage. x2
You closely miss the ice beast.
The ice beast is moderately wounded.
The ice beast hits you.
* * * LOW HITPOINT WARNING * * *
The ice beast freezes you!
* * * LOW HITPOINT WARNING * * *
You see here 26 arrows.
Okay, then.
You feel better. The ice beast hits you.
* * * LOW HITPOINT WARNING * * *
The ice beast freezes you!
You die...

Skill      XL: |  1  2  3  4  5  6  7  8 |
---------------+-------------------------+-----
Conjurations   | 1 2 3 4 5 6 |  6.4
Poison Magic   | 1 2 |  2.0
Air Magic      | 1 2 |  2.0
Dodging        | 2 3 |  3.7
Long Blades    | 2 4 |  4.0
Fighting       | 1 2 |  2.7
Stealth        | |  1.8
Spellcasting   | |  2.7
Summonings     | |  0.8
Translocations | |  0.8

Action                   |  1- 3 |  4- 6 |  7- 9 || total
-------------------------+-------+-------+-------++-------
Melee: Unarmed           |    16 |       |       ||    16
       Long sword        |     8 |   180 |   108 ||   296
 Cast: Magic Dart        |   116 |    71 |    52 ||   239
       Mephitic Cloud    |     1 |     4 |    10 ||    15
  Use: Scroll            |     2 |    13 |     1 ||    16
       Potion            |       |     2 |     2 ||     4
 Stab: Sleeping          |       |     1 |     2 ||     3
       Distracted        |       |     1 |       ||     1
       Confused          |       |     2 |     3 ||     5
  Eat: Chunk             |     4 |     4 |     8 ||    16
       Ration            |       |     1 |       ||     1
Armor: Robe              |    14 |    52 |    23 ||    89
Dodge: Dodged            |    45 |   146 |    97 ||   288
       Rpst.: Long sword |     5 |    49 |    27 ||    81

Levels and vault maps discovered:
D:1:      lightli_arrival_chessboard, layout_rooms
D:2:      layout_basic
D:3:      layout_rooms, nicolae_ru_great_annihilating_truth
D:4:      kennysheep_the_goblin_king, layout_basic, minmay_temple_entry_wispy,
          nicolae_ossuary_entry_giza, first_ration
D:5:      layout_gridville, kennysheep_little_box, uniq_sigmund,
          uniq_blork_the_orc
Temple:   jpeg_temple_clearing

Notes
Turn   | Place    | Note
-------+----------+-------------------------------------------
     0 | D:1      | SuperSnore the Demigod Wizard began the quest for the Orb.
     0 | D:1      | Reached XP level 1. HP: 14/14 MP: 6/6
    17 | D:1      | Reached skill level 1 in Conjurations
   479 | D:1      | Reached XP level 2. HP: 11/20 MP: 2/8
   487 | D:1      | Reached skill level 2 in Conjurations
   848 | D:1      | Learned a level 2 spell: Blink
  1344 | D:2      | Reached XP level 3. HP: 26/26 MP: 4/9
  1406 | D:2      | Learned a level 3 spell: Mephitic Cloud
  1827 | D:2      | Reached skill level 3 in Conjurations
  2471 | D:3      | Reached XP level 4. HP: 31/33 MP: 4/10
  2501 | D:3      | Reached skill level 1 in Poison Magic
  2567 | D:3      | Reached skill level 1 in Air Magic
  2671 | D:3      | Found a sacrificial altar of Ru.
  2846 | D:3      | Reached XP level 5. HP: 26/38 MP: 6/11
  3139 | D:3      | Reached skill level 4 in Conjurations
  3301 | D:3      | Learned a level 3 spell: Conjure Flame
  3355 | D:4      | Found a sand-covered staircase.
  3605 | Ossuary  | Entered an ossuary
  3767 | Ossuary  | Reached skill level 2 in Air Magic
  3958 | Ossuary  | Reached skill level 2 in Poison Magic
  4202 | Ossuary  | Noticed Menkaure
  4222 | Ossuary  | Reached skill level 2 in Dodging
  4304 | Ossuary  | Killed Menkaure
  4304 | Ossuary  | Reached XP level 6. HP: 45/45 MP: 7/13
  4382 | D:4      | Identified a potion of resistance
  4415 | D:4      | Reached skill level 5 in Conjurations
  4484 | D:4      | Found a staircase to the Ecumenical Temple.
  4507 | D:4      | Reached skill level 3 in Dodging
  4543 | Temple   | Entered the Ecumenical Temple
  4550 | Temple   | Reached XP level 7. HP: 17/50 MP: 1/14
  5153 | D:4      | Reached skill level 6 in Conjurations
  5446 | D:4      | Noticed Ijyb
  5497 | D:4      | Killed Ijyb
  5772 | D:5      | Entered Level 5 of the Dungeon
  5829 | D:5      | Reached skill level 1 in Long Blades
  5927 | D:5      | Found an ornate altar of the Wu Jian Council.
  5973 | D:5      | Reached skill level 1 in Fighting
  6242 | D:5      | Noticed Sigmund
  6252 | D:5      | Killed Sigmund
  6252 | D:5      | Reached skill level 2 in Long Blades
  6286 | D:5      | Reached XP level 8. HP: 18/61 MP: 3/15
  6425 | D:5      | Reached skill level 2 in Fighting
  6425 | D:5      | Reached skill level 3 in Long Blades
  6550 | D:5      | Noticed Blork the orc
  6571 | D:5      | Killed Blork the orc
  6680 | D:5      | Reached skill level 4 in Long Blades
  6711 | D:5      | HP: 3/62 [ice beast (13)]
  6719 | D:5      | HP: 6/62 [ice beast (4)]
  6719 | D:5      | Mangled by an ice beast

Vanquished Creatures
  Sigmund (D:5)
  Menkaure (Ossuary)
  3 ogres
  A phantom (D:5)
  Blork the orc (D:5)
  A scorpion (D:4)
  A howler monkey (D:4)
  A bullfrog zombie (D:5)
  2 crimson imps (D:5)
  2 jellies
  4 orc wizards
  2 orc priests
  Ijyb (D:4)
  An iguana (D:5)
  4 worker ants
  A hound zombie (D:5)
  4 mummies
  7 adders
  An ooze (D:3)
  3 worms
  6 dart slugs
  A leopard gecko (D:3)
  19 orcs
  9 bats
  A giant cockroach (D:4)
  9 gnoll zombies (Ossuary)
  13 goblins
  5 hobgoblins
  11 jackals
  3 quokkas (D:2)
  A ball python (D:2)
  7 frilled lizards
  5 gnoll skeletons (Ossuary)
  4 goblin skeletons (Ossuary)
  2 goblin zombies (Ossuary)
  5 hobgoblin skeletons (Ossuary)
  5 hobgoblin zombies (Ossuary)
  7 kobolds
  5 kobold skeletons (Ossuary)
  3 kobold zombies
  A leopard gecko skeleton (D:5)
  3 orc skeletons (Ossuary)
  3 orc zombies
  A quokka skeleton (D:4)
  3 rats
  2 rat skeletons (Ossuary)
  3 rat zombies (Ossuary)
179 creatures vanquished.

Vanquished Creatures (others)
  A goblin zombie (Ossuary)
  A hobgoblin zombie (Ossuary)
  An orc skeleton (Ossuary)
3 creatures vanquished.

Grand Total: 182 creatures vanquished

Table legend:
 A = Turns spent in this place as a percentage of turns spent in the entire game.
 B = Non-inter-level travel turns spent in this place as a percentage of non-inter-level travel turns spent in the entire game.
 C = Inter-level travel turns spent in this place as a percentage of turns spent in this place.
 D = Turns resting spent in this place as a percentage of non-inter-level travel turns spent in this place.
 E = Turns spent auto-exploring this place as a percentage of non-inter-level travel turns spent in this place.
 F = Non-inter-level travel turns spent in this place divided by the number of levels of this place that you've seen.
                   A       B       C       D       E      F
               +-------+-------+-------+-------+-------+----------------------
         Total | 100.0 | 100.0 |   3.0 |  40.8 |  35.7 | 931.0
       Dungeon |  82.1 |  81.6 |   3.7 |  37.4 |  43.7 | 1063.2
        Temple |   6.4 |   6.6 |   0.0 |  93.7 |   0.0 | 428.0
       Ossuary |  11.5 |  11.9 |   0.0 |  34.9 |   0.5 | 773.0
               +-------+-------+-------+-------+-------+----------------------

Table legend:
 A = Non-vault XP
 B = Vault XP
 C = Vault XP percentage of total XP
 D = Non-vault monster count
 E = Vault monster count
 F = Vault count percentage of total count
                 A         B        C        D         E       F
            +---------+---------+-------+---------+---------+-------
      Total |    1446 |     616 |  29.9 |     112 |      65 |  36.7
            +---------+---------+-------+---------+---------+-------
        D:1 |      36 |       0 |   0.0 |      20 |       0 |   0.0
        D:2 |      72 |       0 |   0.0 |      22 |       0 |   0.0
        D:3 |     126 |      47 |  27.2 |      26 |       4 |  13.3
        D:4 |     537 |      68 |  11.2 |      20 |      10 |  33.3
        D:5 |     602 |     223 |  27.0 |      21 |       2 |   8.7
     Temple |      73 |       0 |   0.0 |       3 |       0 |   0.0
    Ossuary |       0 |     278 | 100.0 |       0 |      49 | 100.0
            +---------+---------+-------+---------+---------+-------
